AoeStats
← Mantis

Arena

508880240Analyzed
4v4 RM · 6d ago on Sep 24, 2026· 47m 44s· 8 players
Game mode
Random Map
Map size
Large (8 player)
Population
200
Speed
Normal
Resources
Standard
Victory
Conquest
Starting age
Dark Age
Ending age
Imperial Age
RankedLock teamsTeams togetherTeam positionsShared explorationLock speedFull tech treeHidden civsTurbo modeCheats
Victory
Defeat
🇨🇴 Varangians · Colombia
1210
+14
🇬🇧 Khmer · United Kingdom
1201
+14
🇺🇸 Danes · United States
1157
+16
🇨🇳 Dravidians · China
1134
+17
🇹🇼 Saxons · Taiwan
1177
-16
🇹🇼 Ethiopians · Taiwan
1158
-15
🇹🇼 Burgundians · Taiwan
1157
-15
🇹🇼 Turks · Taiwan
1147
-15
William
4:48 Loom
9:53 Double-Bit Axe
11:40 Feudal Age
11:27 Horse Collar
15:43 Castle Age
15:30 Scale Barding Armor
17:12 Forging
17:05 Gold Mining
17:54 Cavalier
21:26 Husbandry
23:35 Wheelbarrow
23:18 Bow Saw
25:30 Hand Cart
28:51 Devotion
29:24 Heavy Plow
31:45 Chain Barding Armor
34:58 Imperial Age
33:55 Two-Man Saw
33:46 Iron Casting
32:41 Elite Skirmisher
35:43 Fletching
35:57 Padded Archer Armor
35:40 Paladin
36:57 Bodkin Arrow
37:19 Leather Archer Armor
37:34 Ballistics
Jason
7:53 Loom
11:04 Feudal Age
15:19 Castle Age
13:59 Fletching
14:04 Double-Bit Axe
15:26 Crossbowman
31:36 Bow Saw
31:54 Elite Skirmisher
tim0970757
8:34 Loom
10:22 Feudal Age
14:09 Castle Age
12:54 Double-Bit Axe
15:19 Horse Collar
16:40 Bow Saw
20:55 Padded Archer Armor
21:35 Wheelbarrow
22:08 Forging
22:08 Scale Mail Armor
22:48 Gold Mining
23:09 Heavy Plow
24:03 Squires
26:25 Stone Mining
27:14 Gold Shaft Mining
26:33 Fletching
27:44 Hand Cart
28:26 Crossbowman
29:11 Thumb Ring
29:04 Elite Skirmisher
30:07 Bodkin Arrow
32:11 Iron Casting
31:51 Chain Mail Armor
34:22 Imperial Age
32:30 Ballistics
32:43 Town Watch
32:45 Loom
34:01 Padded Archer Armor
35:00 Leather Archer Armor
35:08 Bracer
35:14 Elite Varangian Guard
37:15 Plate Mail Armor
36:17 Shield Wall
42:16 Ring Archer Armor
42:51 Chemistry
42:09 Elite Skirmisher
43:26 Conscription
45:41 Murder Holes
國父孫中山
9:27 Loom
11:37 Feudal Age
15:37 Castle Age
13:58 Double-Bit Axe
14:06 Gold Mining
20:09 Bow Saw
22:53 Imperial Age
21:07 Bow Saw
24:17 Wheelbarrow
24:45 Two-Man Saw
37:21 Horse Collar
39:57 Heavy Plow
41:56 Conscription
Mantis
7:12 Loom
10:11 Feudal Age
14:27 Castle Age
12:16 Double-Bit Axe
14:47 Horse Collar
19:36 Gold Mining
21:25 Bow Saw
22:09 Heavy Plow
23:06 Scale Mail Armor
24:42 Wheelbarrow
24:21 Squires
24:08 Arson
25:29 Chain Mail Armor
25:24 Stone Mining
27:18 Forging
26:59 Fletching
28:06 Stone Shaft Mining
28:07 Gold Shaft Mining
27:55 Hand Cart
31:45 Imperial Age
28:54 Hamask
30:23 Iron Casting
29:56 Town Watch
33:02 Plate Mail Armor
33:33 Blast Furnace
33:38 Chemistry
32:45 Siege Engineers
33:07 Conscription
33:28 Bodkin Arrow
33:31 Gambesons
33:36 Elite Jomsviking
34:52 Ballistics
37:07 Hoardings
38:09 Onager
38:56 Elite Varangian Guard
41:56 Bracer
42:43 Man-at-Arms
Urahara
11:37 Feudal Age
16:00 Castle Age
14:01 Double-Bit Axe
14:09 Stone Mining
14:34 Gold Mining
14:39 Horse Collar
16:34 Scale Barding Armor
17:12 Wheelbarrow
29:09 Chain Barding Armor
28:59 Forging
35:02 Forging
38:03 Hand Cart
44:26 Imperial Age
46:02 Capped Ram
Melting Snowball
9:55 Feudal Age
12:41 Castle Age
11:58 Loom
28:36 Horse Collar
28:43 Double-Bit Axe
30:20 Bow Saw
30:12 Heavy Plow
31:03 Wheelbarrow
31:31 Gold Mining
31:35 Stone Mining
32:30 Hand Cart
34:45 Gold Shaft Mining
39:50 Imperial Age
41:01 Bloodlines
40:53 Husbandry
41:07 Heavy Scorpion
41:42 Elite Battle Elephant
42:36 Scale Barding Armor
42:43 Forging
43:38 Ballistics
44:22 Chemistry
44:21 Double Crossbow
伊御
10:27 Feudal Age
11:16 Double-Bit Axe
14:31 Castle Age
12:59 Horse Collar
16:24 Bow Saw
23:49 Wheelbarrow
28:17 Gold Mining
28:24 Fletching
28:49 Heavy Plow
31:42 Imperial Age
30:00 Bodkin Arrow
30:28 Ballistics
31:02 Padded Archer Armor
31:01 Loom
31:31 Hand Cart
31:52 Thumb Ring
33:05 Husbandry
33:09 Bracer
34:10 Elite Elephant Archer
36:31 Chemistry
36:38 Medical Corps
36:49 Stone Mining
37:15 Siege Elephant
38:59 Scale Barding Armor
39:11 Leather Archer Armor
39:27 Town Watch
40:46 Two-Man Saw
41:35 Ring Archer Armor
41:12 Scale Barding Armor
42:51 Chain Barding Armor
43:11 Fortified Wall
45:15 Masonry
Connection lost

Rejoining the realm…

Still unreachable

The connection could not be restored.

Session expired

The server has moved on; the page needs a fresh start.